 Seeded DCSS version 0.30-a0-956-gcec3b41aec (webtiles) character file.

Game seed: 13137397067068997422 (custom seed)

172 mistaj the Shield-Bearer (level 5, -3/29 HPs)
             Began as a Vine Stalker Fighter on Mar 29, 2023.
             Killed by divine providence
             ... invoked by an orc priest
              (6 damage)
             ... on level 4 of the Dungeon.
             The game lasted 00:04:07 (2338 turns).

mistaj the Shield-Bearer (Vine Stalker Fighter)     Turns: 2338, Time: 00:04:07

Health: -3/29      AC:  7    Str: 20    XL:     5   Next: 52%
Magic:  0/6        EV:  9    Int:  8    God:
Gold:   812        SH: 10    Dex: 14    Spells: 4/4 levels left

rFire   . . .      SeeInvis .    g - +1 broad axe (flame)
rCold   . . .      Faith    .    c - +0 buckler
rNeg    . . .      Spirit   +    b - +0 scale mail
rPois   .          Reflect  +    (no helmet)
rElec   .          Rampage  .    (no cloak)
rCorr   .                        (no gloves)
Will    .....                    j - +0 pair of boots Stlth
                                 m - amulet of reflection
HPRegen 1.04/turn                (no ring)
MPRegen 0.10/turn                (no ring)

@: no status effects
A: fangs 2, regeneration 1, magic shield, antimagic bite, no potion heal 2
a: no special abilities


You were on level 4 of the Dungeon.
You visited 1 branch of the dungeon, and saw 4 of its levels.

You collected 812 gold pieces.

Inventory:

Hand Weapons
 g - a +1 broad axe of flaming (weapon)
Armour
 b - a +0 scale mail (worn)
 c - a +0 buckler (worn)
 j - a +0 pair of boots (worn)
Jewellery
 m - an amulet of reflection (around neck)
Scrolls
 a - 2 scrolls of magic mapping {unknown}
 e - 5 scrolls of identify
 k - a scroll of poison {unknown}
Potions
 d - 2 potions of might
 f - a potion of cancellation
 h - 3 potions of curing {unknown}
 i - 2 potions of mutation {unknown}


   Skills:
 + Level 3.8 Fighting
 + Level 3.2 Axes
 - Level 2.4 Armour
 + Level 3.8 Shields


You had 4 spell levels left.
You didn't know any spells.
Your spell library contained the following spells:

 Spells                   Type           Power      Damage    Failure   Level
 Freeze                   Ice            0%         1d3       86%         1
 Frozen Ramparts          Ice            0%         1d1       99%         3
 Hailstorm                Conj/Ice       0%         3d3       99%         3
 Yara's Violent Unravell  Hex/Tmut       0%         3d3       100%        5
 Enfeeble                 Hex            0%         N/A       100%        7


Dungeon Overview and Level Annotations

Branches:
Dungeon (4/15)
 Temple: D:4-7

Altars:
Ashenzari
Wu Jian

Annotations:
D:4 Eustachio


Innate Abilities, Weirdness & Mutations

You have extremely sharp teeth.
Your natural rate of healing is unusually fast.
When hurt, damage is shared between your health and your magic reserves.
Your bite disrupts and absorbs the magic of your enemies.
Potions cannot restore your health.


Message History

Eustachio closely misses you.
You miss Eustachio. You bite Eustachio.
Eustachio's magic leaks into the air.
You drain his magic.
You feel invigorated.
Eustachio is severely wounded.
You completely miss something.
You hear some strange, mumbled words.
A puff of flame appears from out of thin air!
The puff of flame hits you!
Eustachio falters for a moment.
Something hits you. Eustachio hits you with a +0 rapier!
* * * LOW HITPOINT WARNING * * *
You miss Eustachio. You bite Eustachio.
Eustachio's magic leaks into the air.
You drain his magic.
You feel invigorated.
Eustachio is severely wounded.
You hit something. You burn something.
You feel less confused. Something hits you.
* * * LOW HITPOINT WARNING * * *
Eustachio hits you with a +0 rapier.
You closely miss Eustachio. Your bite misses Eustachio.
Eustachio is severely wounded.
You miss something. Something hits you but does no damage.
Eustachio hits you but does no damage.
You barely miss Eustachio. You bite Eustachio.
Eustachio's magic leaks into the air.
You drain his magic.
You feel invigorated.
Eustachio is almost dead.
You miss something. Something hits you.
* * * LOW HITPOINT WARNING * * *
Eustachio hits you but does no damage.
You hear some strange, mumbled words.
A magic dart appears from out of thin air!
The magic dart hits you.
* * * LOW HITPOINT WARNING * * *
Eustachio falters for a moment.
You miss Eustachio.
Eustachio is almost dead.
You barely miss something. Something hits you but does no damage.
The orc priest calls down the wrath of Beogh upon you.
Beogh smites you!
You die...

#.# ##############
..#..........#
#.#.########.#############
#.#.# #.rr@@{oo.....#
#.#.# #############.#
#.#.# ..#.# ###.# ###.#
....# ###.# ###


You could see Eustachio (magic disrupted), an orc priest, an orc, a quokka
(summoned) and a rat (summoned).

Vanquished Creatures
  Terence (D:3)
  An orc wizard (D:3)
  3 adders
  2 worms
  4 dart slugs
  8 orcs
  6 endoplasms
  7 giant cockroaches
  5 goblins
  6 hobgoblins
  2 quokkas
  5 ball pythons
  6 bats
  A frilled lizard (D:2)
  11 kobolds
  3 rats (D:2)
71 creatures vanquished.

Vanquished Creatures (others)
  5 demonic plants (D:3)
  5 fungi (D:3)
  6 plants (D:3)
  A withered plant (D:3)
17 creatures vanquished.

Grand Total: 88 creatures vanquished

Notes
Turn   | Place    | Note
-------+----------+-------------------------------------------
     0 | D:1      | mistaj the Vine Stalker Fighter began the quest for the
                  | Orb.
     0 | D:1      | Reached XP level 1. HP: 11/11 MP: 2/2
    57 | D:1      | Reached XP level 2. HP: 16/16 MP: 3/3
   386 | D:1      | Reached XP level 3. HP: 20/20 MP: 4/4
   591 | D:1      | Identified a scroll of acquirement
   591 | D:1      | Acquired a +1 broad axe of flaming
   846 | D:2      | Found Xexamnid's Weapon Shoppe.
   893 | D:2      | Gained mutation: Your natural rate of healing is unusually
                  | fast. [Vine Stalker growth]
   893 | D:2      | Reached XP level 4. HP: 24/24 MP: 5/5
  1262 | D:3      | Found an ornate altar of the Wu Jian Council.
  1448 | D:3      | Noticed Terence
  1460 | D:3      | Killed Terence
  1461 | D:3      | Reached XP level 5. HP: 28/29 MP: 4/6
  1545 | D:3      | Found a broken altar of Ashenzari.
  1631 | D:3      | Found a faded altar of an unknown god.
  2160 | D:3      | Acquired 668 gold pieces
  2301 | D:4      | Noticed Eustachio
  2337 | D:4      | HP: 1/29 [something/magic dart (3)]
  2338 | D:4      | Killed from afar by an orc priest

Illustrated notes

Levels and vault maps discovered:
D:1:      dpeg_arrival_long_road, layout_basic
D:2:      layout_rooms, serial_shops, nicolae_shop_bloodbath_and_beyond
D:3:      layout_loops_corners, lemuel_round_altar,
          mainiacjoe_overflow_alcove_4, shapermc_ecumenical_altar_gd,
          minmay_misc_feat_roman, uniq_terence
D:4:      cheibrodos_old_hovel, layout_basic, kennysheep_mini,
          nicolae_gozag_cash_rules_everything_around_me, zin_statuary,
          uniq_eustachio, uniq_duvessa, uniq_blork_the_orc, uniq_sigmund

Skill      XL: |  1  2  3  4 |
---------------+-------------+-----
Axes           | 2 3 |  3.2
Shields        | 3 |  3.8
Fighting       | 3 |  3.8
Armour         | |  2.4

Action                     |  1- 3 |  4- 6 || total
---------------------------+-------+-------++-------
  Melee: War axe           |    51 |       ||    51
         Bite              |    15 |    25 ||    40
         Broad axe         |    35 |   101 ||   136
    Use: Scroll            |     2 |     3 ||     5
 Armour: Scale mail        |    35 |    37 ||    72
  Dodge: Dodged            |    50 |    42 ||    92
  Block: Buckler           |    21 |    27 ||    48

Table legend: (Time is in decaauts)
 A = Elapsed time spent in this place.
 B = Non-inter-level travel time spent in this place.
 C = Inter-level travel time spent in this place.
 D = Time resting spent in this place.
 E = Time spent auto-exploring this place.
 F = Levels seen in this place.
 G = Mean time per level.
                   A        B        C        D        E       F      G
               +--------+--------+--------+--------+--------+-----+--------+
         Total |   2425 |   2360 |     65 |    157 |   1591 |   4 |  606.2 |
       Dungeon |   2425 |   2360 |     65 |    157 |   1591 |   4 |  606.2 |
               +--------+--------+--------+--------+--------+-----+--------+

Top non-repeatable levels by time:
     D:3: 1189 daAuts
     D:1: 655 daAuts
     D:2: 408 daAuts
     D:4: 172 daAuts
